Cogmind - Beta 16.1 @@@ ROGUE MODE // 2026.04.16 @ 17:18:10 Player: f3-rnm Result: Destroyed by S-10 Pest with Light Assault Rifle Performance ------------- Evolutions (1) 500 Regions Visited (6) 1200 Robots Destroyed (45) 225 Value Destroyed (681) 681 Prototype IDs (28) 560 Alien Tech Used (0) 0 Bonus (96) 96 TOTAL SCORE: 3262 Bonus ------- Aligned with FarCom 300 Friendly Fire -204 Cogmind --------- Core Integrity 0/400 Matter 290/300 Energy 225/250 System Corruption 0% Temperature Cool (0) Movement Hovering (126) Ox1 Location -8/Mines Parts ------- > --- POWER (1) -------- Ion Engine > --- PROPULSION (3) --- Gravmag Array Combat Antigrav System > --- UTILITY (3) ------ Large Storage Unit Seismic Detector Medium Armor Plating > --- WEAPON (2) ------- Rocket Launcher > --- INVENTORY (15) --- Light Nuclear Core Heavy Deuterium Engine Cold Fusion Reactor Airjet Improved Heat Sink Medium Matter Pod (100) Large Matter Pod (48) High-capacity Matter Pod (78) AWS/EX-DEC Heavy Flail Makeshift Spear Peak State ------------ > --- POWER ------------ Cold Fusion Reactor > --- PROPULSION ------- Gravmag Array Combat Antigrav System > --- UTILITY ---------- Improved Heat Sink Improved Armor Integrity Analyzer Improved System Guard > --- WEAPON ----------- Makeshift Spear > --- INVENTORY -------- High-capacity Matter Pod Medium Armor Plating AWS/EX-DEC Rocket Launcher [Rating: 47] Favorites ----------- Power Light Nuclear Core Engine Light Ion Engine Power Core Light Nuclear Core Reactor Cold Fusion Reactor Propulsion Light Treads Treads Light Treads Leg Makeshift Leg Hover Unit Combat Antigrav System Utility Medium Armor Plating Device Improved Heat Sink Storage Large Storage Unit Processor Improved Armor Integrity Analyzer Protection Medium Armor Plating Weapon Shotgun Energy Gun Medium Laser Ballistic Gun Shotgun Launcher Rocket Launcher Impact Weapon Heavy Flail Piercing Weapon Makeshift Spear Build | -11 -10 -10 -9 -9 -9 -8 ------- Run | Yrd Mat Min Mat Min Exi Min Slots Evolved 2 | . . . 2 . . . Power . | . . . . . . . Propulsion 1 | . . . 1 . . . Utility 1 | . . . 1 . . . Weapon . | . . . . . . . Parts Attached 39 | 6 5 3 3 1 19 2 Power 6 | 1 . 1 . . 4 . Engine 4 | 1 . . . . 3 . Core 1 | . . 1 . . . . Reactor 1 | . . . . . 1 . Propulsion 8 | 2 . 1 . . 5 . Treads 3 | 2 . 1 . . . . Leg 3 | . . . . . 3 . Wheel . | . . . . . . . Hover 2 | . . . . . 2 . Flight . | . . . . . . . Utility 14 | 1 3 1 3 . 5 1 Device 4 | . 1 . . . 2 1 Storage 2 | 1 . . 1 . . . Processor 3 | . 1 . . . 2 . Hackware . | . . . . . . . Protection 5 | . 1 1 2 . 1 . Artifact . | . . . . . . . Weapon 11 | 2 2 . . 1 5 1 Energy Gun 2 | . . . . . 2 . Energy Cannon . | . . . . . . . Ballistic Gun 5 | 2 2 . . . 1 . Ballistic Cannon . | . . . . . . . Launcher 2 | . . . . 1 1 . Special Weapon . | . . . . . . . Impact Weapon 1 | . . . . . . 1 Slashing Weapon . | . . . . . . . Piercing Weapon 1 | . . . . . 1 . Special Melee Weapon . | . . . . . . . Unidentified Prototypes 3 | . . . . . 3 . Parts Lost 8 | . . . . . 8 . Power 1 | . . . . . 1 . Propulsion 3 | . . . . . 3 . Utility 2 | . . . . . 2 . Weapon 2 | . . . . . 2 . Highest Loss Streak 4 | . . . . . 4 . To Critical Strikes 4 | . . . . . 4 . Average Backups 8 | . 5 7 9 12 8 10 Power 1 | . 1 1 1 1 . 2 Propulsion . | . . . . . . . Utility 4 | . 3 4 5 7 4 3 Weapon 2 | . 1 2 2 3 2 3 Tool/Special . | . . . . . . . Unused Backups 12 | . . . . 1 6 5 Power 3 | . . . . . 2 1 Propulsion 2 | . . . . . 1 1 Utility 7 | . . . . 1 3 3 Weapon . | . . . . . . . Tool/Special . | . . . . . . . Average Slot Usage (%) 77 | . 98 98 86 88 66 75 Engine 6 | . 14 8 . . 5 11 Core 4 | . . 6 11 11 4 . Treads 13 | . 28 28 21 22 7 . Leg 2 | . . . . . 6 . Hover 4 | . . . . . 3 22 Device 4 | . 6 . . . 3 11 Storage 9 | . 14 14 11 11 6 11 Processor 1 | . 1 . . . 1 . Protection 10 | . 3 13 20 22 9 11 Energy Gun 1 | . . . . . 3 . Ballistic Gun 16 | . 28 28 22 21 13 . Piercing Weapon 1 | . . . . . 1 5 Peak Build Rating 47 | 6 11 13 14 15 47 34 Average Rating 16 | 4 9 11 13 14 17 31 On Entrance 12 | . 6 10 13 14 15 29 Avg Prop Armor Cover (%) . | . . . . . . . Naked Turns 4 | . . . . . 4 . Heaviest Build 46 | 11 21 23 43 39 46 36 Greatest Support 40 | 40 40 40 40 40 40 36 Greatest Overweight (x) 15 | . . . 1 . 15 . Average Overweight (x) . | . . . . . . . Largest Inventory Capacity 15 | 8 8 8 15 15 15 15 Average Capacity 11 | 6 8 8 14 15 10 15 Most Carried 15 | 2 8 8 12 14 15 12 Average Carried 8 | . 5 7 9 12 8 11 Final Capacity 15 | 8 8 8 15 15 15 15 Final Carried 14 | 2 8 8 12 14 9 12 Class Distribution -------------------- 88% | Mutant 11% | Scavenger-Mutant Dominant Class ---------------- Mutant | -10/Materials Mutant | -10/Mines Mutant | -9/Materials Mutant | -9/Mines Mutant | -9/Exiles Mutant | -8/Mines Resources | -11 -10 -10 -9 -9 -9 -8 ----------- Run | Yrd Mat Min Mat Min Exi Min Matter Collected 2089 | 213 131 343 86 144 897 275 Remotely . | . . . . . . . Salvage Created 1044 | . 179 105 86 324 254 96 Parts 99 | . 11 7 5 31 41 4 Haulers Intercepted . | . . . . . . . Recyclers Shooed 2 | . 1 . . 1 . . Parts Field Recycled . | . . . . . . . Retrieved Matter . | . . . . . . . Parts Self-Destructed . | . . . . . . . Prevented . | . . . . . . . Parts Restored . | . . . . . . . Kills | -11 -10 -10 -9 -9 -9 -8 ------- Run | Yrd Mat Min Mat Min Exi Min Combat Hostiles Destroyed 22 | . 5 3 4 9 1 . Guns 18 | . 5 3 4 5 1 . AOE 4 | . . . . 4 . . Classes Destroyed 12 | . 4 . 1 4 2 1 Worker 4 | . . . . 3 . 1 Builder 1 | . . . . . . 1 Tunneler 4 | . 1 . . 1 . 2 Recycler 1 | . . . . 1 . . Mechanic 1 | . 1 . . . . . Turret 1 | . . . . . 1 . Swarmer 10 | . 3 . 3 4 . . Grunt 8 | . 2 3 . 3 . . Duelist 1 | . . . . 1 . . Protector 1 | . . . . 1 . . Sentry 1 | . . . 1 . . . Zionite 8 | . . . . . 8 . Thug 1 | . . . . . 1 . Best Kill Streak 9 | . 3 2 3 9 4 2 Combat Bots Only 5 | . 3 2 3 5 1 . Max Kills in Single Turn 3 | . 1 1 1 3 2 1 Gunslinging 1 | . . . . 1 . . Exploded 1 | . . . . 1 . . Melee . | . . . . . . . Uniques/NPCs Destroyed 4 | . . . . . 4 . 8R-AWN (-9/Exiles) EX-HEX (-9/Exiles) EX-DEC (-9/Exiles) EX-BIN (-9/Exiles) Combat | -11 -10 -10 -9 -9 -9 -8 -------- Run | Yrd Mat Min Mat Min Exi Min Hostile Shots Fired 175 | . 35 14 13 12 99 2 Missed 45 | . 8 5 6 3 22 1 Hits 130 | . 27 9 7 9 77 1 Melee 2 | . . . . 1 1 . Projectile 128 | . 27 9 7 8 76 1 Critical Strikes 27 | . . . . . 27 . Actively Blocked 5 | . . . . . 5 . Damage Taken 1980 | . 230 115 64 106 1456 9 Core 455 | . 42 12 10 29 353 9 Absorbed by Shields . | . . . . . . . Redirected to Shielding 44 | . . . 3 . 41 . Regen/Repaired (Parts) 86 | . . . 86 . . . Core Remaining (%) 89 | 100 . 78 . . . . Volleys Fired 165 | . 20 10 4 10 119 2 Largest 2 | . 2 2 2 2 2 1 Hottest 70 | . 46 46 46 46 70 33 Shots Fired 277 | . 40 20 8 16 191 2 Gun 253 | . 40 20 8 12 173 . Cannon . | . . . . . . . Launcher 24 | . . . . 4 18 2 Special . | . . . . . . . Kinetic 204 | . 40 20 8 12 124 . Thermal 49 | . . . . . 49 . Explosive 24 | . . . . 4 18 2 Electromagnetic . | . . . . . . . Robot Hit Streak 8 | . 6 6 4 7 8 . Robot Miss Streak 9 | . 9 4 3 3 5 . Penetration Max . | . . . . . . . Secondary Targets 3 | . 1 1 . 1 . . Max Gunslinging Chain 1 | . 1 1 . 1 . . Shots Hit Robots 174 | . 22 15 7 11 114 5 Core Hits 101 | . 11 9 5 22 51 3 Critical Kills . | . . . . . . . Critical Parts Destroyed 4 | . . 1 1 . 1 1 Critical Strikes 6 | . . 1 1 . 3 1 Burn 1 | . . . . . 1 . Destroy 3 | . . 1 1 . 1 . Smash 1 | . . . . . . 1 Impale 1 | . . . . . 1 . Melee Attacks 13 | . . . . . 5 8 Impact 1 | . . . . . . 1 Slashing . | . . . . . . . Piercing 12 | . . . . . 5 7 Sneak Attacks 8 | . . . . . 3 5 Combat Hostiles . | . . . . . . . Follow-up Attacks . | . . . . . . . Damage Inflicted 3950 | . 262 253 85 546 2459 345 Guns 2320 | . 260 253 85 111 1611 . Cannons . | . . . . . . . Explosions 1075 | . . . . 435 640 . Melee 553 | . . . . . 208 345 Ramming 2 | . 2 . . . . . Kinetic 2015 | . 260 253 85 111 1306 . Thermal 305 | . . . . . 305 . Explosive 1075 | . . . . 435 640 . Electromagnetic . | . . . . . . . Impact 90 | . . . . . . 90 Slashing . | . . . . . . . Piercing 463 | . . . . . 208 255 Highest Corruption . | . . . . . . . Average Corruption . | . . . . . . . Corruption Purged . | . . . . . . . Corruption Blocked . | . . . . . . . Overload Shots . | . . . . . . . Overflow Damage 319 | . . . . 11 179 129 Projectiles . | . . . . . . . Explosions 18 | . . . . 11 7 . Melee 301 | . . . . . 172 129 Knockbacks 1 | . . . . . . 1 Impact 1 | . . . . . . 1 Kinetic . | . . . . . . . Secondary . | . . . . . . . Self-Inflicted Damage . | . . . . . . . Shots . | . . . . . . . Rammed 1 | . 1 . . . . . Targets Rammed 1 | . 1 . . . . . Kicked . | . . . . . . . Crushed . | . . . . . . . Highest Temperature 230 | . 9 13 . 7 230 . Average Temperature 62 | . 9 7 . 4 75 . Received Heat Transfer 105 | . 24 66 . 15 . . Siege Activations . | . . . . . . . Martial Activations . | . . . . . . . Shielding Activations . | . . . . . . . Robots Disrupted . | . . . . . . . Combat Hostiles . | . . . . . . . Robots Corrupted 1 | . . . . . . 1 Combat Hostiles . | . . . . . . . Parts Fried . | . . . . . . . Impact Corruptions 3 | . . . . . . 3 Robots Melted . | . . . . . . . Combat Hostiles . | . . . . . . . Parts Melted 6 | . . . . . 6 . Heat Transferred 962 | . . . . . 962 . Parts Sabotaged . | . . . . . . . Parts Stolen . | . . . . . . . Parts Stripped . | . . . . . . . Power Chain Reactions . | . . . . . . . Alert | -11 -10 -10 -9 -9 -9 -8 ------- Run | Yrd Mat Min Mat Min Exi Min Maximum Alert Level . | . . . . . . . Low Security (%) 100 | 100 100 100 100 100 . 100 Level 1 . | . . . . . . . Level 2 . | . . . . . . . Level 3 . | . . . . . . . Level 4 . | . . . . . . . Level 5 . | . . . . . . . High Security . | . . . . . . . Max Security . | . . . . . . . Peak Influence 145 | . 60 65 70 145 . 45 Initial 13 | . . . 13 . . . Average 22 | . 10 40 18 68 . 6 Influence Increases 663 | . 145 95 105 240 . 78 Destroy 0b10 Robot/C 400 | . 100 60 80 160 . . Destroy 0b10 Robot/NC 60 | . 10 . . 30 . 20 Destroy Leader 80 | . 20 20 20 20 . . Allied During Kill 5 | . . . . 5 . . Successful Hack 5 | . . . 5 . . . Destroy Structure 38 | . . . . 25 . 13 Lose Combat Pursuer 75 | . 15 15 . . . 45 Influence Decreases 663 | . 145 60 140 155 85 78 Entered New Map 107 | . . . 22 . 85 . Time Decay 556 | . 145 60 118 155 . 78 Squads Dispatched 1 | . . . . 1 . . Investigation . | . . . . . . . Extermination . | . . . . . . . Reinforcement . | . . . . . . . Assault 1 | . . . . 1 . . Garrison . | . . . . . . . Intercept . | . . . . . . . Searches Triggered . | . . . . . . . Construction Impeded . | . . . . . . . Haulers Reinforced . | . . . . . . . Active Scanning Responses . | . . . . . . . Cargo Convoy Interrupts . | . . . . . . . Stealth | -11 -10 -10 -9 -9 -9 -8 --------- Run | Yrd Mat Min Mat Min Exi Min Distress Signals 2 | . 2 . . . . . Communications Jammed . | . . . . . . . Distress Signals . | . . . . . . . Times Spotted 60 | . 10 4 5 9 26 6 Peak Tracking Total 9 | . 4 2 3 5 9 3 Tactical Retreats 13 | . 1 1 . . 10 1 Traps | -11 -10 -10 -9 -9 -9 -8 ------- Run | Yrd Mat Min Mat Min Exi Min Traps Triggered . | . . . . . . . Indirectly . | . . . . . . . Trap Hack Attempts . | . . . . . . . Triggered . | . . . . . . . Disarmed . | . . . . . . . Reprogrammed . | . . . . . . . Reused . | . . . . . . . Traps Extracted . | . . . . . . . Installed . | . . . . . . . Triggered . | . . . . . . . Machines | -11 -10 -10 -9 -9 -9 -8 ---------- Run | Yrd Mat Min Mat Min Exi Min Machines Disabled 5 | . . . . . 5 . Max in Single Turn 1 | . . . . . 1 . Machines Repaired . | . . . . . . . Machines Dismantled . | . . . . . . . Machines Sabotaged . | . . . . . . . Overloaded Fab Kills . | . . . . . . . Hacking | -11 -10 -10 -9 -9 -9 -8 --------- Run | Yrd Mat Min Mat Min Exi Min Machines Accessed 7 | . 1 . 3 . 2 1 Terminals 4 | . 1 . 2 . . 1 Fabricators . | . . . . . . . Repair Stations 1 | . . . 1 . . . Recycling Units . | . . . . . . . Scanalyzers . | . . . . . . . Garrison Access . | . . . . . . . Total Hacks 8 | . 1 . 4 . 2 1 Successful 7 | . 1 . 4 . 2 . Failed 1 | . . . . . . 1 Catastrophic 1 | . . . . . . 1 Database Lockouts . | . . . . . . . Manual 1 | . . . . . 1 . Terminals 4 | . 1 . 2 . . 1 Fabricators . | . . . . . . . Repair Stations 2 | . . . 2 . . . Recycling Units . | . . . . . . . Scanalyzers . | . . . . . . . Garrison Access . | . . . . . . . Terminal Hacks 5 | . 1 . 2 . 2 . Record 1 | . . . . . 1 . Prototype ID Bank 1 | . . . 1 . . . Hauler Manifests 1 | . 1 . . . . . Zone Layout 1 | . . . 1 . . . Proto ID Catalog 1 | . . . . . 1 . Fabricator Hacks . | . . . . . . . Repair Station Hacks 2 | . . . 2 . . . Scan Component 1 | . . . 1 . . . Repair 1 | . . . 1 . . . Recycling Unit Hacks . | . . . . . . . Scanalyzer . | . . . . . . . Garrison Access Hacks . | . . . . . . . Unauthorized Hacks . | . . . . . . . Terminals . | . . . . . . . Fabricators . | . . . . . . . Repair Stations . | . . . . . . . Recycling Units . | . . . . . . . Scanalyzers . | . . . . . . . Garrison Access . | . . . . . . . Data Cores Recovered . | . . . . . . . Used . | . . . . . . . Hacking Detections 1 | . . . . . . 1 Full Trace Events . | . . . . . . . Feedback Events . | . . . . . . . Feedback Blocked . | . . . . . . . Robot Schematics Acquired . | . . . . . . . Robots Built . | . . . . . . . Authchips . | . . . . . . . Time . | . . . . . . . Total Robot Build Rating . | . . . . . . . Part Schematics Acquired . | . . . . . . . Parts Built . | . . . . . . . Authchips . | . . . . . . . Time . | . . . . . . . Total Part Build Rating . | . . . . . . . Part Studies Acquired . | . . . . . . . Parts Repaired 1 | . . . 1 . . . Time 26 | . . . 26 . . . Parts Recycled . | . . . . . . . Recycled Matter . | . . . . . . . Retrieved Matter . | . . . . . . . Retrieved Components . | . . . . . . . Parts Scanalyzed . | . . . . . . . Part Schematics Acquired . | . . . . . . . Parts Damaged . | . . . . . . . Bothacking | -11 -10 -10 -9 -9 -9 -8 ------------ Run | Yrd Mat Min Mat Min Exi Min Used RIF Installer . | . . . . . . . Robots Hacked . | . . . . . . . Non-combat . | . . . . . . . Combat . | . . . . . . . Robot Hacks Applied . | . . . . . . . Relay Couplers Released . | . . . . . . . Fabnet Peak Effective % . | . . . . . . . Robots Rewired . | . . . . . . . Allies Hacked . | . . . . . . . Hacks Repelled . | . . . . . . . Allies | -11 -10 -10 -9 -9 -9 -8 -------- Run | Yrd Mat Min Mat Min Exi Min Total Allies 1 | . . . . 1 . . Largest Group 1 | . . . . 1 1 . Highest-Rated Group 31 | . . . . 31 31 . Highest-Rated Ally 31 | . . . . 31 31 . Total Orders . | . . . . . . . Ally Attacks 31 | . . . . 7 24 . Total Damage 222 | . . . . 63 159 . Kills 5 | . . . . . 5 . Allies Corrupted . | . . . . . . . Allies Melted . | . . . . . . . Intel | -11 -10 -10 -9 -9 -9 -8 ------- Run | Yrd Mat Min Mat Min Exi Min Active Infowar (turns) 410 | . 287 . . . 1 122 Seismic 409 | . 287 . . . . 122 Cloaking 1 | . . . . . 1 . Robot Analysis Total . | . . . . . . . Derelict Logs Recovered . | . . . . . . . Drone Launches . | . . . . . . . Drone Recoveries . | . . . . . . . Exploration | -11 -10 -10 -9 -9 -9 -8 ------------- Run | Yrd Mat Min Mat Min Exi Min Turns Passed 3625 | 78 587 130 317 332 1763 418 Spaces Moved 2211 | 48 319 59 167 187 915 516 Core 197 | 8 . . . . 189 . Treads 1068 | 40 319 59 167 187 296 . Legs 109 | . . . . . 109 . Wheels . | . . . . . . . Hover 837 | . . . . . 321 516 Flight . | . . . . . . . Fastest Speed 50 | 50 160 160 160 160 50 66 Average Speed 125 | 141 160 160 161 160 129 66 Slowest Speed 800 | 160 160 160 240 160 800 66 Overloaded Moves . | . . . . . . . Propulsion Burnouts . | . . . . . . . Robots Hopped . | . . . . . . . Potential Cave-ins . | . . . . . . . Cave-ins Triggered . | . . . . . . . Exploration Rate (%) 36 | 3 43 19 20 47 88 32 Regions Visited 6 Branch Regions 4 Pre-discovered Areas 1 | . . . . . 1 . Known Exits Taken 2 | . 1 1 . . . . Unknown Exits Taken 4 | 1 . . 1 1 1 . Scrap Searched 4 | . . 3 . . . 1 Spaces Dug 3 | . . . . . . 3 Terrain Destroyed 90 | . . . . 31 44 15 Melee 3 | . . . . . . 3 Projectile . | . . . . . . . AOE 87 | . . . . 31 44 12 Terrain Rammed . | . . . . . . . Walls Destroyed . | . . . . . . . Machines Disabled . | . . . . . . . Actions | -11 -10 -10 -9 -9 -9 -8 --------- Run | Yrd Mat Min Mat Min Exi Min Total 2782 | 55 357 76 206 203 1302 583 Wait 271 | . 2 1 26 1 196 45 Move 2205 | 47 318 58 166 186 914 516 Hop . | . . . . . . . Pick Up 33 | 2 8 1 4 3 10 5 Fast Attach 30 | 6 2 . 3 . 19 . Attach 15 | . 2 1 1 . 8 3 Detach 5 | . . . 1 . 3 1 Swap 15 | . 1 2 . 2 8 2 Drop 29 | . 3 3 1 1 20 1 Fire 165 | . 20 10 4 10 119 2 Melee 13 | . . . . . 5 8 Ram . | . . . . . . . Kick . | . . . . . . . Crush 1 | . 1 . . . . . Escape Stasis . | . . . . . . . Rewire . | . . . . . . . Trap . | . . . . . . . Miscellaneous . | . . . . . . . Route ------- -11/Scrapyard -10/Materials (discovered 2 exits: *Mat / *Min) -10/Mines -9/Materials -9/Mines (discovered 3 exits: [*Mat] / *Exi / [*Zio]) -9/Exiles -8/Mines History --------- Turn | Location | Event 10 | -11/Scrapyard | Discovered new exit (range 15) 79 | -11/Scrapyard | Entered Materials 266 | -10/Materials | Discovered new exit (range 11) 319 | -10/Materials | Build established: Mutant 459 | -10/Materials | Discovered new exit (range 4) 597 | -10/Materials | Identified exit to Materials 665 | -10/Materials | Identified exit to Mines 666 | -10/Materials | Entered Mines 763 | -10/Mines | Discovered exit to Materials (range 12) 796 | -10/Mines | Entered Materials 796 | -9/Materials | Evolved 2 slots: Propulsion x1, Utility x1 982 | -9/Materials | Discovered new exit (range 16) 1095 | -9/Materials | Repaired Lgt. Treads 1113 | -9/Materials | Entered Mines 1281 | -9/Mines | Met a Derelict testing a Signal Generator 1381 | -9/Mines | A Derelict revealed a hidden shortcut to a safe place 1415 | -9/Mines | Discovered new exit (range 7) 1436 | -9/Mines | Deemed a non-threat by the Exiles lab entrance 1436 | -9/Mines | Discovered new exit (range 5) 1445 | -9/Mines | Entered Exiles 1445 | -9/Exiles | Accompanied by 1 ally 1493 | -9/Exiles | Met 8R-AWN 1544 | -9/Exiles | Met EX-HEX 1595 | -9/Exiles | Met EX-BIN 1614 | -9/Exiles | Aligned with FarCom system 1616 | -9/Exiles | Given EX-Vault access code 1658 | -9/Exiles | Opened EX-Vault 1668 | -9/Exiles | Found Cloak of Protection 1706 | -9/Exiles | Warned to stay clear of 0b10 Research branches 1754 | -9/Exiles | Met EX-DEC 1888 | -9/Exiles | Attacked by the Exiles 2076 | -9/Exiles | Lost 4 parts (2n2u) 2083 | -9/Exiles | Core integrity fell below 50% 2102 | -9/Exiles | Destroyed 8R-AWN 2130 | -9/Exiles | Lost 3 parts (1p1n1w) 2342 | -9/Exiles | Released all parts (6) 2361 | -9/Exiles | Core integrity fell below 20% 2540 | -9/Exiles | Destroyed EX-HEX 2935 | -9/Exiles | Destroyed EX-DEC 2963 | -9/Exiles | Found Prototype Energy Gun 2963 | -9/Exiles | Identified AWS/EX-DEC 3014 | -9/Exiles | Destroyed EX-BIN 3162 | -9/Exiles | Learned location of Zion (-7) 3198 | -9/Exiles | Discovered new exit (range 15) 3208 | -9/Exiles | Entered Mines 3228 | -8/Mines | Found DCF Scrap (13 items) 3626 | -8/Mines | Destroyed by S-10 Pest with Light Assault Rifle Last Messages --------------- 03364_ Acquired 25 matter. 03412_ U-05 Engineer lays Concrete. 03472_ U-05 Engineer builds a Wall. 03474_ U-05 Engineer lays Concrete. 03480_ Sneak attack on T-07 Excavator. 03480_ T-07 Excavator destroyed. 03480_ U-05 Engineer lays Concrete. 03482_ Acquired 26 matter. 03487_ Sneak attack on R-06 Scavenger. 03487_ Destroyed Tractor Beam. 03487_ Destroyed Com. Wheel. 03500_ Sneak attack on T-07 Excavator. 03500_ T-07 Excavator destroyed. 03502_ Acquired Seismic Detector. 03503_ Dropped Imp. Heat Sink. 03505_ Acquired Imp. Heat Sink. 03506_ Acquired 29 matter. 03524_ Sneak attack on U-05 Engineer. 03524_ U-05 Engineer destroyed. 03526_ Acquired 16 matter. Map ----- +----------------------------------------------------+ | ????????????????????????????????????# | | ????????????????????????????????????# | | ????????????????????????????????????## | | ?????????????????????????????????????## | | ??????????????????????????????????????#### ## | | ??????????????????????????????????????# # ### | | ??????????????????????????????????????#### #### | | ?????????????????????????????????????????# ##### | | ?????????????????????????????????????????# ##??## | | ????????????????????????? ??????????????# #????# | | ????????????????????????? ??????????????# #????# | | ???????????????????????"" ??????????????# #????# | | ???????????????????????"" ??????????????# ###### | | ??????????????????????? gg ??????????????# | | ???????????????????????#s #??????????????# ####### | | ???????????????????????# #??????????????# #?????? | | ???????????????????????# r################ #?????? | | ???????????????????????# #?????? | | ???????????????????????# ############ #####?????? | | ???????????????????????# #?????????## ##????????? | | ???????????????????????# #????????## #????????? | | ???????????????????????# #??####?## ##????????? | | ???????????????????????# #?## ### ##?????????? | | ???????????????????????# #?# ##?????????? | | ???????????????????????# ### """ ##????????? | | ???????????????????????# @ """ ###??????? | | ???????????????????????##### """ ##?????? | | ???????????????????????????## #?????? | | ????????????????????????????## #?????? | | ?????????????????????????????## ##?????? | | ??????????????????????????????#############??????? | | ?????????????????????????????????????????????????? | | ?????????????????????????????????????????????????? | | | | | | | | | | | | | | | | | | | | | | | | | | | | | | | | | | | +----------------------------------------------------+ Best States ------------- Heat Dissipation 42 Energy Generation 18 Energy Capacity 310 Matter Stores 300 Matter Capacity 300 Sight Range 16 Terrain Scan Density 10 Corruption Containment 12 Armor Coverage 450 Utility Shielding 33 Evasion (%) 55 Armor Integrity Analysis 40 Recoil Reduction 2 Item Schematics ----------------- None Robot Schematics ------------------ None Fabricated ------------ Nothing Repaired ---------- Lgt. Treads | 38% | -9/Materials Studied --------- None Alien Tech Used ----------------- None Achievements -------------- None Challenges ------------ None Game ------ Seed MetamassTrapPulseblaster Manual? 0 Play Time 00:23:34 Cumulative 466.0 hours Start 2026.04.16 @ 16:56:46 End 2026.04.16 @ 17:18:10 Sessions 1 Manual Loads 0 Difficulty Rogue Special Mode None Game No. 407 Rogue 371 Adventurer 36 Explorer 0 Win Type - Total 18 Types 9/0/9/0/0/0/0/0/0/0 Lore% 73 Gallery% 83 Achievement% 67 Wizard Run 0 Options --------- Layout 0 ASCII 0 Keyboard 0 Movement Mouse Keybinds 0 Fullscreen 1 Font 18/SmallcapsGlow Map View 76x50 Zoom Use 0% Tactical HUD 1 Map Filters NONE Filters NONE Steam 1 RUN: 783747d6-8b64-45e9-8fc1-c37de12da0ba